 Dungeon Crawl Stone Soup version 0.27.1-4-g1640c2035a (webtiles) character file.

Game seed: 13943684745350640801

443 raph the Digger (level 6, -3/32 HPs)
             Began as a Deep Elf Earth Elementalist on Nov 14, 2021.
             Was a Follower of Elyvilon.
             Slain by Pikel (9 damage)
             ... on level 3 of the Dungeon.
             The game lasted 00:09:41 (4993 turns).

raph the Digger (Deep Elf Earth Elementalist)       Turns: 4993, Time: 00:09:41

Health: -3/32      AC:  3    Str:  5    XL:     6   Next: 71%
Magic:  6/12       EV: 12    Int: 22    God:    Elyvilon [*.....]
Gold:   165        SH:  5    Dex: 15    Spells: 5/11 levels left

rFire    . . .     SeeInvis .   a - +3 whip
rCold    . . .     Faith    .   k - +0 buckler
rNeg     . . .     Spirit   .   b - +0 robe
rPois    .         Reflect  .   (no helmet)
rElec    .         Harm     .   (no cloak)
rCorr    .         Rampage  .   (no gloves)
Will     .....                  m - +0 pair of boots
Stlth    ++........             (no amulet)
HPRegen  0.10/turn              (no ring)
MPRegen  0.13/turn              (no ring)

@: no status effects
A: no striking features
a: Renounce Religion, Lesser Healing, Divine Protection


You were on level 3 of the Dungeon.
You worshipped Elyvilon.
Elyvilon was aware of your devotion.
You visited 1 branch of the dungeon, and saw 4 of its levels.

You collected 165 gold pieces.

Inventory:

Hand Weapons
 a - a +3 whip (weapon)
 e - a +0 dagger
Missiles
 c - 42 stones
 l - 14 poisoned darts
 n - 2 throwing nets
Armour
 b - a +0 robe (worn)
 k - a +0 buckler (worn)
 m - a +0 pair of boots (worn)
Jewellery
 d - a +6 ring of strength
 p - a ring of ice
Scrolls
 g - a scroll of teleportation
 i - 3 scrolls of identify
Potions
 h - 2 potions of attraction
 j - a potion of brilliance {unknown}


   Skills:
 - Level 2.4 Dodging
 - Level 2.4 Stealth
 * Level 2.7 Shields
 - Level 3.0 Spellcasting
 + Level 3.6 Conjurations
 - Level 1.1 Transmutations
 + Level 6.2 Earth Magic
 + Level 0.0 Invocations


You had 5 spell levels left.
You knew the following spells:

 Your Spells              Type           Power      Damage    Failure   Level
a - Sandblast             Erth           60%        2d14      1%          1
b - Passwall              Tmut/Erth      15%        N/A       4%          2
c - Stone Arrow           Conj/Erth      50%        3d10      5%          3

Your spell library contained the following spells:

 Spells                   Type           Power      Damage    Failure   Level
 Petrify                  Tmut/Erth      19%        N/A       30%         4


Dungeon Overview and Level Annotations

Branches:
Dungeon (4/15)
 Temple: D:4-7

Altars:
Ashenzari
Elyvilon
Wu Jian

Annotations:
D:1 apport
D:3 Pikel


Message History

Aiming: Sandblast (safe; 1% risk of failure)
Press: ? - help, Q - select action, (/) - cycle Shift-Dir - straight line, f/p - Pikel
Aim: Pikel, wielding a +2 whip of flaming and wearing a +0 robe (moderately wounded, 77% to hit)
The blast of sand hits Pikel!
Pikel is severely wounded.
Aiming: Sandblast (safe; 1% risk of failure)
Press: ? - help, Q - select action, (/) - cycle Shift-Dir - straight line, f/p - Pikel
Aim: Pikel, wielding a +2 whip of flaming and wearing a +0 robe (severely wounded, 77% to hit)
The blast of sand hits Pikel but does no damage.
Pikel is severely wounded.
You block Pikel's attack.
Aiming: Sandblast (safe; 1% risk of failure)
Press: ? - help, Q - select action, (/) - cycle Shift-Dir - straight line, f/p - Pikel
Aim: Pikel, wielding a +2 whip of flaming and wearing a +0 robe (severely wounded, 77% to hit)
The blast of sand hits Pikel but does no damage.
Pikel is severely wounded.
Pikel cracks his whip.
Pikel hits you with a +2 whip of flaming!
Pikel burns you.
Aiming: Sandblast (safe; 1% risk of failure)
Press: ? - help, Q - select action, (/) - cycle Shift-Dir - straight line, f/p - Pikel
Aim: Pikel, wielding a +2 whip of flaming and wearing a +0 robe (severely wounded, 77% to hit)
The blast of sand hits Pikel!
Pikel is almost dead.
Pikel hits you with a +2 whip of flaming.
Pikel burns you.
Aiming: Sandblast (safe; 1% risk of failure)
Press: ? - help, Q - select action, (/) - cycle Shift-Dir - straight line, f/p - Pikel
Aim: Pikel, wielding a +2 whip of flaming and wearing a +0 robe (almost dead, 77% to hit)
The blast of sand hits Pikel but does no damage.
Pikel is almost dead.
Pikel hits you with a +2 whip of flaming!
Pikel burns you.
* * * LOW HITPOINT WARNING * * *
Aiming: Sandblast (safe; 1% risk of failure)
Press: ? - help, Q - select action, (/) - cycle Shift-Dir - straight line, f/p - Pikel
Aim: Pikel, wielding a +2 whip of flaming and wearing a +0 robe (almost dead, 77% to hit)
The blast of sand misses Pikel.
Pikel hits you with a +2 whip of flaming!
You die...

#.....'..............# #.
#.....############...#####.
###########.#.....#........#<....
#.....K.#.....###.#.####...######
#.#####.#.#.....#.#..............
#.# #.........#.###############
#.# ###.......#.#..............
#.# #########.................)..
#.# #........>..@K........#######
#.# #.#########.#.#.#####..######
#.# #.# #######'#.#...........#..
#.###.# #.........#...........#..
#.....# #......)..#...........#..
####### #.........#...........#..
#######...#.######..###.. #####.#
##.# #.. #.# #.###..


You could see Pikel.

Vanquished Creatures
  Duvessa (D:4)
  2 lemures
  Dowan (D:4)
  A bullfrog skeleton (D:4)
  An iguana (D:4)
  7 adders
  7 gnolls
  An adder skeleton (D:4)
  2 worms
  A dart slug (D:1)
  10 orcs
  6 ball pythons
  9 endoplasms
  8 giant cockroaches
  5 hobgoblins
  3 jackals (D:1)
  2 quokkas
  A bat (D:2)
  3 frilled lizards
  7 goblins
  8 kobolds
  3 rats
89 creatures vanquished.

Vanquished Creatures (others)
  2 plants (D:3)
2 creatures vanquished.

Grand Total: 91 creatures vanquished

Notes
Turn   | Place    | Note
-------+----------+-------------------------------------------
     0 | D:1      | raph the Deep Elf Earth Elementalist began the quest for
                  | the Orb.
     0 | D:1      | Reached XP level 1. HP: 10/10 MP: 6/6
   432 | D:1      | Reached XP level 2. HP: 15/15 MP: 5/8
   435 | D:1      | Reached skill level 4 in Earth Magic
   461 | D:1      | Learned a level 2 spell: Passwall
   985 | D:1      | Found a faded altar of an unknown god.
  1073 | D:1      | Reached XP level 3. HP: 14/19 MP: 5/9
  1274 | D:2      | Learned a level 3 spell: Stone Arrow
  1349 | D:2      | Reached skill level 5 in Earth Magic
  1434 | D:2      | Reached XP level 4. HP: 23/24 MP: 3/10
  1504 | D:2      | Reached skill level 1 in Conjurations
  1973 | D:2      | Reached skill level 1 in Shields
  2211 | D:3      | Found an ornate altar of the Wu Jian Council.
  2641 | D:3      | Reached XP level 5. HP: 28/28 MP: 6/11
  2977 | D:3      | Found a white marble altar of Elyvilon.
  3005 | D:3      | Became a worshipper of Elyvilon the Healer
  3655 | D:4      | Noticed a lemure
  3655 | D:4      | Noticed a lemure
  3655 | D:4      | Noticed a lemure
  3655 | D:4      | Noticed Pikel
  4019 | D:4      | Found a broken altar of Ashenzari.
  4144 | D:4      | Noticed Duvessa
  4170 | D:4      | Reached * piety under Elyvilon
  4170 | D:4      | Noticed Dowan
  4189 | D:4      | Killed Duvessa
  4190 | D:4      | Reached skill level 6 in Earth Magic
  4190 | D:4      | Reached XP level 6. HP: 21/32 MP: 3/12
  4248 | D:4      | Killed Dowan
  4993 | D:3      | Slain by Pikel

Illustrated notes

Levels and vault maps discovered:
D:1:      lemuel_arrival_lava_pool, layout_basic,
          shapermc_ecumenical_altar_petra, grunt_decor_fettered,
          minmay_box_of_dots
D:2:      layout_rooms, minmay_worlds_worst_comb
D:3:      layout_basic, mainiacjoe_overflow_boulevard,
          nicolae_overflow_hidden_temple
D:4:      minmay_clustersquares, layout_basic, lemuel_tele_altar,
          minmay_temple_entry_tees, serial_shops, shop, uniq_pikel, uniq_duvessa

Skill      XL: |  1  2  3  4  5 |
---------------+----------------+-----
Earth Magic    | 4 5 6 |  6.2
Conjurations   | 1 3 |  3.6
Shields        | 1 2 |  2.7
Dodging        | |  2.4
Stealth        | |  2.4
Spellcasting   | |  3.0
Transmutations | |  1.1

Action                   |  1- 3 |  4- 6 || total
-------------------------+-------+-------++-------
Melee: Whip              |     8 |    23 ||    31
 Cast: Sandblast         |    46 |    77 ||   123
       Stone Arrow       |       |    18 ||    18
       Passwall          |       |    12 ||    12
  Use: Scroll            |       |     8 ||     8
 Stab: Sleeping          |       |     3 ||     3
Armor: Robe              |     4 |     9 ||    13
Dodge: Dodged            |    24 |    26 ||    50
Block: Buckler           |       |     9 ||     9
